 Dungeon Crawl Stone Soup version 0.23.1 (webtiles) character file.

Game seed: 17685876878100162938

877 ohad the Sneak (level 8, -1/48 HPs)
             Began as an Octopode Transmuter on Mar 3, 2019.
             Slain by a sky beast (5 damage)
             ... on level 5 of the Dungeon.
             The game lasted 00:15:54 (5036 turns).

ohad the Sneak (Octopode Transmuter)                Turns: 5036, Time: 00:15:54

Health: -1/48      AC:  2    Str: 10    XL:     8   Next: 4%
Magic:  11/14      EV: 19    Int: 17    God:
Gold:   74         SH:  0    Dex: 17    Spells: 6/16 levels left

rFire    . . .     SeeInvis .     - Unarmed
rCold    . . .     Gourm    .   (shield currently unavailable)
rNeg     . . .     Faith    .   (helmet currently unavailable)
rPois    x         Spirit   .   o - amulet of rage
rElec    .         Reflect  .   s - ring of resist corrosion
rCorr    +         Harm     .   (no ring)
MR       .....                  (no ring)
Stlth    +++.......             (no ring)
HPRegen  0.16/turn              (no ring)
MPRegen  0.14/turn              (no ring)
                                (no ring)
                                (no ring)

@: spider-form, starving
A: tiny, almost no armour, stealthy swim, (amphibious), 8 rings, (constrict 8)
a: End Transformation, Evoke Berserk Rage


You were on level 5 of the Dungeon.
You were starving.
You were a venomous arachnid creature.
You visited 1 branch of the dungeon, and saw 6 of its levels.

You collected 284 gold pieces.
You spent 210 gold pieces at shops.

Inventory:

Missiles
 a - 8 arrows
 l - 16 poisoned needles
 x - 6 curare-tipped needles
Jewellery
 o - an amulet of rage (around neck)
 s - a ring of resist corrosion (left front leg)
Wands
 n - a wand of paralysis (9)
 p - a wand of flame (16)
Scrolls
 f - 3 scrolls of remove curse {unknown}
 g - 3 scrolls of amnesia {unknown}
 j - 3 scrolls of fear {unknown}
 q - a scroll of immolation {unknown}
 u - a scroll of enchant weapon {unknown}
 v - a scroll of teleportation {unknown}
 w - a scroll of magic mapping {unknown}
Potions
 b - 2 potions of lignification
 d - a potion of brilliance
 e - a potion of agility {unknown}
 h - 2 potions of berserk rage
 i - a potion of flight
 k - 2 potions of heal wounds
 m - a potion of might {unknown}
 r - 4 potions of curing {unknown}
 t - a potion of mutation {unknown}
Comestibles
 c - 16 rations


   Skills:
 - Level 1.0 Fighting
 - Level 2.0 Dodging
 - Level 5.3 Stealth
 - Level 4.5 Unarmed Combat
 + Level 4.6 Spellcasting
 - Level 4.1 Transmutations
 - Level 3.6 Ice Magic


You had 6 spell levels left.
You knew the following spells:

 Your Spells              Type           Power        Failure   Level  Hunger
a - Beastly Appendage     Tmut           ###...       10%         1    None
b - Sticks to Snakes      Tmut           ###.....     13%         2    ##.....
c - Spider Form           Tmut/Pois      ##........   38%         3    ###....
d - Ice Form              Ice/Tmut       ###.....     52%         4    ####...

Your spell library contained the following spells:

 Spells                   Type           Power        Failure   Level  Hunger
 Magic Dart               Conj           #...         34%         1    None
 Blink                    Tloc           N/A          43%         2    ##.....
 Call Imp                 Summ           #.......     43%         2    ##.....
 Slow                     Hex            #.......     43%         2    ##.....
 Conjure Flame            Conj/Fire      #.......     63%         3    ###....
 Mephitic Cloud           Conj/Pois/Air  #.......     63%         3    ###....
 Blade Hands              Tmut           ###.......   78%         5    ######.


Dungeon Overview and Level Annotations

Branches:
Dungeon (6/15)
 Temple: D:4-7

Altars:
Ashenzari

Shops:
D:5 %


Innate Abilities, Weirdness & Mutations

You cannot wear most types of armour.
You are very stealthy in the water. (Stealth+)
((You are amphibious.))
You can wear up to eight rings at the same time.
((You can use your tentacles to constrict eight enemies at once.))
((Your skin changes colour to match your surroundings (Stealth+).))
((Your rubbery body absorbs attacks. (AC +1, EV +1)))


Message History

Unknown command.
Unknown command.
Unknown command.
Unknown command.
Unknown command.
Casting: Spider Form (safe; 19% risk of failure)
Confirm with . or Enter, or press ? or * to list all spells.
You turn into a venomous arachnid creature.
You are starving!
Something hits you. Something shocks you.
* * * LOW HITPOINT WARNING * * *
Deactivating autopickup; reactivate with Ctrl-A.
You hit something. Something hits you.
* * * LOW HITPOINT WARNING * * *
Something shocks you.
* * * LOW HITPOINT WARNING * * *
You barely miss something. Something hits you.
* * * LOW HITPOINT WARNING * * *
Something shocks you.
You die...

#............................
#............................
#............................
##......................###..
##...#.............###......
##.................#...#.##
####.#######................#
#####..................)..#.###..
#...............s....#.#.........
#.....###.[....{...†.....########
#.....##...[.........#.########
#....................#....[...#
#.....###............#........#
#.....# #.....................#
#.....# ####.#.##..##.........###
#.....# #.#.##.####..........#
#.....# #..†##.# #........#..


There were no monsters in sight!

Vanquished Creatures
  Sigmund (D:2)
  2 ogres (D:4)
  A sky beast (D:5)
  2 scorpions
  A howler monkey (D:4)
  2 hounds
  A centaur skeleton (D:4)
  A jelly (D:5)
  An orc priest (D:4)
  Jessica (D:2)
  A worker ant (D:4)
  7 adders
  3 oozes
  A worm (D:4)
  4 dart slugs
  2 leopard geckos
  7 orcs
  4 giant cockroaches
  7 hobgoblins
  6 jackals
  7 kobolds
  4 quokkas
  15 bats
  4 frilled lizards
  6 goblins
  A quokka skeleton (D:4)
  10 rats
102 creatures vanquished.

Vanquished Creatures (collateral kills)
  A scorpion (D:4)
  A bat (D:3)
2 creatures vanquished.

Grand Total: 104 creatures vanquished

Notes
Turn   | Place    | Note
-------+----------+-------------------------------------------
     0 | D:1      | ohad the Octopode Transmuter began the quest for the Orb.
     0 | D:1      | Reached XP level 1. HP: 13/13 MP: 3/3
    96 | D:1      | Reached XP level 2. HP: 12/18 MP: 5/5
   299 | D:1      | Learned a level 2 spell: Sticks to Snakes
   541 | D:1      | Reached XP level 3. HP: 8/23 MP: 6/6
  1263 | D:2      | Found a shattered altar of Ashenzari.
  1405 | D:2      | Noticed Sigmund
  1405 | D:2      | Noticed Jessica
  1470 | D:2      | Reached XP level 4. HP: 28/28 MP: 7/7
  1475 | D:2      | Reached skill level 1 in Stealth
  1698 | D:2      | Learned a level 3 spell: Spider Form
  1861 | D:2      | Killed Sigmund
  1861 | D:2      | Reached skill level 5 in Stealth
  1861 | D:2      | Reached XP level 5. HP: 18/33 MP: 1/8
  1920 | D:2      | Killed Jessica
  2508 | D:3      | Reached XP level 6. HP: 31/38 MP: 7/9
  3259 | D:4      | Learned a level 4 spell: Ice Form
  3627 | D:4      | Reached skill level 1 in Ice Magic
  3627 | D:4      | Reached XP level 7. HP: 23/43 MP: 8/11
  4614 | D:5      | Entered Level 5 of the Dungeon
  4783 | D:5      | Found Ojeiposk's Food Emporium.
  4792 | D:5      | Bought a ration for 70 gold pieces
  4792 | D:5      | Bought a ration for 70 gold pieces
  4792 | D:5      | Bought a ration for 70 gold pieces
  4850 | D:5      | Reached XP level 8. HP: 39/48 MP: 6/14
  5036 | D:5      | Slain by a sky beast

Skill      XL: |  1  2  3  4  5  6  7 |
---------------+----------------------+-----
Transmutations | 3 4 |  4.1
Stealth        | 5 |  5.3
Unarmed Combat | 4 |  4.5
Spellcasting   | 3 4 |  4.6
Ice Magic      | 1 3 |  3.6
Fighting       | |  1.0
Dodging        | |  2.0

Action                   |  1- 3 |  4- 6 |  7- 9 || total
-------------------------+-------+-------+-------++-------
Melee: Unarmed           |    82 |   139 |    67 ||   288
       Constrict         |    20 |    17 |     3 ||    40
       Punch             |     1 |     1 |       ||     2
       Kick              |    17 |     8 |       ||    25
       Tentacles         |     6 |     9 |       ||    15
 Cast: Beastly Appendage |    12 |     4 |       ||    16
       Sticks to Snakes  |       |     7 |     8 ||    15
       Spider Form       |       |    10 |     8 ||    18
       Ice Form          |       |       |     2 ||     2
  Use: Scroll            |       |       |     5 ||     5
       Potion            |       |       |     1 ||     1
 Stab: Sleeping          |     6 |    10 |     4 ||    20
       Distracted        |       |     1 |       ||     1
  Eat: Chunk             |     2 |     9 |     4 ||    15
Armor: Skin              |    13 |    10 |     1 ||    24
Dodge: Dodged            |    57 |    84 |    54 ||   195
